 Dungeon Crawl Stone Soup version 0.23.2-40-g277498a001 (webtiles) character file.

Game seed: 5611372890507700689

2048 Curus the Martial Artist (level 9, 0/59 HPs)
             Began as a Merfolk Transmuter on Sept 23, 2019.
             Slain by a starcursed mass (11 damage)
             ... on level 1 of the Abyss.
             The game lasted 00:46:25 (3993 turns).

Curus the Martial Artist (Merfolk Transmuter)       Turns: 3993, Time: 00:46:26

Health: 0/59       AC:  3    Str:  7 (12) XL:     9   Next: 25%
Magic:  12/12      EV: 12    Int: 14 (16) God:
Gold:   241        SH:  0    Dex: 11 (14) Spells: 3/12 levels left

rFire    . . .     SeeInvis .     - Unarmed
rCold    . . .     Gourm    .   (no shield)
rNeg     . . .     Faith    .   b - +1 robe
rPois    .         Spirit   .   (no helmet)
rElec    .         Reflect  .   (no cloak)
rCorr    +         Harm     .   (no gloves)
MR       .....     Rnd*Tele +   (no boots)
Stlth    +.........             c - amulet of regeneration
HPRegen  0.59/turn              g - ring of resist corrosion
MPRegen  0.13/turn              (no ring)

@: no status effects
A: change form in water, swift swim, stealthy swim, deterioration 1, strong 1,
teleportitis 1, wild magic 1
a: no special abilities


You were on level 1 of the Abyss.
You were not hungry.

You visited 1 branch of the dungeon, and saw 6 of its levels.
You visited the Abyss 1 time.

You collected 241 gold pieces.

Inventory:

Missiles
 a - 104 arrows
Armour
 b - a +1 robe (worn)
 y - the +2 helmet of the Queen {rC+, unknown}
   (You found it on level 6 of the Dungeon)

   It protects you from cold.
Jewellery
 c - an amulet of regeneration (around neck)
 e - a -2 ring of dexterity
 f - an uncursed amulet of guardian spirit
 g - a ring of resist corrosion (left hand)
 m - an uncursed amulet of the gourmand
 u - an uncursed amulet of harm
Wands
 q - a wand of iceblast (6)
 x - a wand of paralysis (7)
Scrolls
 h - 3 scrolls of teleportation
 j - 3 scrolls of fear
 k - 4 scrolls of magic mapping
 l - 2 scrolls of fog
 o - 2 scrolls of remove curse
 r - 4 scrolls of identify
Potions
 i - a potion of flight
 n - a potion of curing
 p - 3 potions of heal wounds
 s - a potion of ambrosia
 t - a potion of agility
 w - 3 potions of brilliance
Comestibles
 d - 15 rations
 v - 3 chunks of flesh


   Skills:
 - Level 1.1 Fighting
 - Level 2.6 Dodging
 - Level 10.1 Unarmed Combat
 - Level 2.0 Spellcasting
 + Level 9.3 Transmutations
 - Level 4.3 Poison Magic


You had 3 spell levels left.
You knew the following spells:

 Your Spells              Type           Power        Failure   Level  Hunger
a - Beastly Appendage     Tmut           #####.       1%          1    ##.....
b - Spider Form           Tmut/Pois      ####......   7%          3    ####...
c - Blade Hands           Tmut           #####.....   21%         5    ######.

Your spell library contained the following spells:

 Spells                   Type           Power        Failure   Level  Hunger
 Sticks to Snakes         Tmut           #####...     1%          2    ###....
 Animate Skeleton         Necr           N/A          32%         1    ##.....
 Pain                     Necr           #...         32%         1    ##.....
 Regeneration             Chrm/Necr      #.........   65%         3    ####...
 Vampiric Draining        Necr           #.........   65%         3    ####...
 Ice Form                 Ice/Tmut       ###.....     43%         4    #####..
 Animate Dead             Necr           N/A          96%         4    #####..


Dungeon Overview and Level Annotations

Branches:
Dungeon (6/15)
 Temple: D:4-7

Altars:


Innate Abilities, Weirdness & Mutations

You revert to your normal form in water You are very nimble and swift while swimming.
You are very stealthy in the water. (Stealth+)
Your body sometimes deteriorates upon taking damage.
Your muscles are strong. (Str +2)
You are occasionally teleported next to monsters.
Your spells are a little harder to cast, but a little more powerful.


Message History

You hit the starcursed mass.
The starcursed mass is moderately damaged.
The starcursed mass shudders and is absorbed by its neighbour.
A starcursed mass splits.
You hit the starcursed mass.
The starcursed mass is lightly damaged.
The starcursed mass shudders and is absorbed by its neighbour.
The starcursed mass misses you.
A starcursed mass splits.
You hit the starcursed mass.
The starcursed mass is heavily damaged.
The starcursed mass shudders and is absorbed by its neighbour.
The starcursed mass engulfs you.
* * * LOW HITPOINT WARNING * * *
You hit the starcursed mass but do no damage.
The starcursed mass engulfs you.
* * * LOW HITPOINT WARNING * * *
A starcursed mass splits.
The starcursed mass engulfs you.
* * * LOW HITPOINT WARNING * * *
The starcursed mass engulfs you!
You die...

# # ## #... ### .
.#. . .# .
#...... .....#
...## ###..# ##
###..# ##...###.#
#..$..##...#....#
#.....#......# .#
..#....#.....# #
.......@X.#..
...##..XX#..##
####XX# .#
#####..# ## .
.#.. # .# .


You could see 5 starcursed masses.

Vanquished Creatures
  Grinder (D:5)
  Prince Ribbit (D:5)
  An orc warrior (D:5)
  An ice beast (D:5)
  A black bear (D:6)
  A sky beast (D:5)
  A phantom (D:6)
  2 centaurs (D:5)
  A bullfrog (D:6)
  2 scorpions
  A howler monkey (D:5)
  A jelly (D:5)
  A bullfrog zombie (D:6)
  A centaur zombie (D:5)
  A starcursed mass (Abyss:1)
  7 orc wizards
  A centaur skeleton (D:4)
  3 orc priests
  2 hounds (D:4)
  An iguana (D:4)
  4 worker ants
  A howler monkey zombie (D:5)
  Robin (D:3)
  8 adders
  A shadow imp (D:5)
  2 oozes (D:1)
  A worm (D:2)
  2 dart slugs (D:1)
  8 leopard geckos
  19 orcs
  A giant cockroach (D:4)
  16 goblins
  7 hobgoblins
  6 jackals (D:2)
  3 quokkas
  A ball python (D:3)
  13 bats
  7 frilled lizards
  A jackal skeleton (D:4)
  5 kobolds
  A leopard gecko zombie (D:5)
  A quokka skeleton (D:5)
  9 rats
149 creatures vanquished.

Notes
Turn   | Place    | Note
-------+----------+-------------------------------------------
     0 | D:1      | Curus the Merfolk Transmuter began the quest for the Orb.
     0 | D:1      | Reached XP level 1. HP: 15/15 MP: 3/3
    60 | D:1      | Reached XP level 2. HP: 18/21 MP: 5/5
    91 | D:1      | Reached skill level 4 in Unarmed Combat
   265 | D:1      | Reached XP level 3. HP: 26/26 MP: 6/6
   270 | D:1      | Learned a level 3 spell: Spider Form
   435 | D:1      | Gained mutation: Your spells are a little harder to cast,
                  | but a little more powerful. [potion of mutation]
   435 | D:1      | Gained mutation: Your body sometimes deteriorates upon
                  | taking damage. [potion of mutation]
   435 | D:1      | Gained mutation: You are occasionally teleported next to
                  | monsters. [potion of mutation]
   435 | D:1      | Gained mutation: Your muscles are strong. (Str +2) [potion
                  | of mutation]
   636 | D:2      | Reached skill level 1 in Poison Magic
   675 | D:2      | Reached XP level 4. HP: 11/32 MP: 4/7
  1374 | D:3      | Reached XP level 5. HP: 34/37 MP: 6/8
  1457 | D:3      | Noticed Robin
  1482 | D:3      | Killed Robin
  1615 | D:3      | Reached skill level 5 in Transmutations
  1719 | D:4      | Reached XP level 6. HP: 43/43 MP: 6/9
  2195 | D:4      | Reached skill level 5 in Unarmed Combat
  2365 | D:5      | Entered Level 5 of the Dungeon
  2384 | D:5      | Reached XP level 7. HP: 23/48 MP: 10/10
  2526 | D:5      | Noticed Prince Ribbit
  2541 | D:5      | Killed Prince Ribbit
  2541 | D:5      | Reached skill level 6 in Unarmed Combat
  2551 | D:5      | Reached skill level 7 in Unarmed Combat
  2616 | D:5      | Reached XP level 8. HP: 29/54 MP: 11/11
  2742 | D:5      | Noticed Grinder
  2840 | D:5      | Reached skill level 8 in Unarmed Combat
  2877 | D:5      | Paralysed by Grinder for 7 turns
  2892 | D:5      | Killed Grinder
  2892 | D:5      | Reached skill level 9 in Unarmed Combat
  3377 | D:5      | Reached skill level 10 in Unarmed Combat
  3384 | D:5      | Learned a level 5 spell: Blade Hands
  3534 | D:6      | Reached XP level 9. HP: 11/59 MP: 9/12
  3943 | D:6      | Got a heavily runed helmet
  3958 | D:6      | Cast into level 1 of the Abyss (crimson imp)
  3971 | Abyss:1  | Noticed a starcursed mass
  3993 | Abyss:1  | Slain by a starcursed mass

Skill      XL: |  1  2  3  4  5  6  7  8  9 |
---------------+----------------------------+-----
Unarmed Combat | 4 5 7 10 | 10.1
Transmutations | 3 4 5 6 7 9 |  9.3
Poison Magic   | 1 2 3 4 |  4.3
Fighting       | |  1.1
Dodging        | |  2.6
Spellcasting   | |  2.0

Action                   |  1- 3 |  4- 6 |  7- 9 || total
-------------------------+-------+-------+-------++-------
Melee: Unarmed           |    88 |   235 |   237 ||   560
       Headbutt          |     4 |     8 |       ||    12
       Punch             |       |     4 |       ||     4
 Cast: Beastly Appendage |     5 |    10 |     5 ||    20
       Spider Form       |     1 |     6 |    11 ||    18
  Use: Scroll            |     3 |     7 |     2 ||    12
       Potion            |     2 |     9 |     2 ||    13
 Stab: Sleeping          |     4 |       |       ||     4
       Distracted        |       |       |     1 ||     1
  Eat: Chunk             |       |     6 |     4 ||    10
       Ration            |       |       |     1 ||     1
Armor: Robe              |     9 |    34 |    18 ||    61
       Skin              |       |     8 |    12 ||    20
Dodge: Dodged            |    55 |   178 |   145 ||   378
